 Dungeon Crawl Stone Soup version 0.29.1-15-g9cfb28693d (webtiles) character file.

Game seed: 1525675933133045704

53 Arctor the Digger (level 3, -1/19 HPs)
             Began as a Gargoyle Earth Elementalist on Feb 24, 2023.
             Killed from afar by an orc wizard (11 damage)
             ... with a magic dart
             ... on level 3 of the Dungeon.
             The game lasted 00:03:16 (1999 turns).

Arctor the Digger (Gargoyle Earth Elementalist)     Turns: 1999, Time: 00:03:17

Health: -1/19      AC:  8    Str: 11    XL:     3   Next: 87%
Magic:  0/6        EV: 12    Int: 17    God:
Gold:   154        SH:  0    Dex: 10    Spells: 5/6 levels left

rFire   . . .      SeeInvis .   b - staff of earth
rCold   . . .      Faith    .   (no shield)
rNeg    + . .      Spirit   .   k - +0 robe
rPois   ∞          Reflect  .   (no helmet)
rElec   +          Harm     .   h - +1 cloak
rCorr   .          Rampage  .   (no gloves)
Will    .....                   m - +0 pair of boots
Stlth   ++........              (no amulet)
HPRegen 0.06/turn               (no ring)
MPRegen 0.10/turn               (no ring)

@: hasted, very quick
A: sickness immunity, AC +3, negative energy resistance 1, electricity
resistance, torment resistance 1, petrification resistance
a: no special abilities


You were on level 3 of the Dungeon.
You visited 1 branch of the dungeon, and saw 3 of its levels.

You collected 154 gold pieces.

Inventory:

Hand Weapons
 a - the +4 sling of Dismemberment {freeze, Str+4 Int+5}
   (You found it on level 2 of the Dungeon)

   Any ammunition fired from it freezes those it strikes, dealing additional
   cold damage.
   It can also slow down cold-blooded creatures.
   Str:       It affects your strength (+4).
   Int:       It affects your intelligence (+5).
Armour
 h - a +1 cloak (worn)
 k - a +0 robe (worn)
 m - a +0 pair of boots (worn)
 s - a +0 buckler
Magical Staves
 b - a staff of earth (weapon)
 e - a staff of cold
Scrolls
 d - 2 scrolls of teleportation {unknown}
 g - 3 scrolls of identify {unknown}
 i - 2 scrolls of blinking {unknown}
 o - a scroll of noise {unknown}
 r - a scroll of silence {unknown}
 t - a scroll of vulnerability {unknown}
Potions
 c - a potion of flight {unknown}
 j - a potion of magic
 l - a potion of attraction {unknown}
 n - a potion of mutation {unknown}
 p - 3 potions of heal wounds {unknown}
 q - a potion of might {unknown}


   Skills:
 + Level 0.3 Ranged Weapons
 + Level 2.0 Dodging
 + Level 2.8 Stealth
 + Level 2.4 Spellcasting
 + Level 1.3 Transmutations
 + Level 4.0 Earth Magic


You had 5 spell levels left.
You knew the following spells:

 Your Spells              Type           Power      Damage    Failure   Level
a - Sandblast             Erth           46%        2d11      3%          1

Your spell library contained the following spells:

 Spells                   Type           Power      Damage    Failure   Level
 Passwall                 Tmut/Erth      13%        N/A       9%          2
 Magic Dart               Conj           8%         1d3       19%         1
 Stone Arrow              Conj/Erth      26%        3d8       24%         3
 Call Imp                 Summ           2%         N/A       28%         2
 Gell's Gravitas          Tloc           2%         N/A       50%         3
 Lesser Beckoning         Tloc           2%         N/A       50%         3
 Mephitic Cloud           Conj/Pois/Air  2%         N/A       50%         3
 Teleport Other           Tloc           2%         N/A       50%         3
 Petrify                  Tmut/Erth      16%        N/A       52%         4


Dungeon Overview and Level Annotations

Branches:
Dungeon (3/15)

Altars:
Kikubaaqudgha

Shops:
D:1 (


Innate Abilities, Weirdness & Mutations

You are immune to sickness and miasma.
Your stone body is resilient. (AC +3)
You are immune to poison.
You resist negative energy. (rN+)
You are resistant to electric shocks. (rElec)
You are resistant to unholy torment.
You are immune to petrification.


Message History

Casting: Sandblast (safe; 3% risk of failure)
Confirm with . or Enter, or press ? or * to list all spells.
You can't see any susceptible monsters within range! (Use Z to cast anyway.) Unknown command.
Casting: Sandblast (safe; 3% risk of failure)
Confirm with . or Enter, or press ? or * to list all spells.
Aiming: Sandblast (safe; 3% risk of failure)
Press: ? - help, Shift-Dir - straight line, f/p - orc
Aim: an orc, wielding a +0 short sword and wearing a +0 leather armour (83% to hit)
You feel a surge of power!
The blast of sand hits the orc!
You kill the orc!
Casting: Sandblast (safe; 3% risk of failure)
Confirm with . or Enter, or press ? or * to list all spells.
Aiming: Sandblast (safe; 3% risk of failure)
Press: ? - help, Shift-Dir - straight line, f - orc
Aim: an orc, wielding a +0 hand axe and wearing a +0 ring mail (85% to hit)
You feel a surge of power!
The blast of sand hits something.
You hear some strange, mumbled words.
Something tries to affect you, but you resist.
Casting: Sandblast (safe; 3% risk of failure)
Confirm with . or Enter, or press ? or * to list all spells.
Aiming: Sandblast (safe; 3% risk of failure)
Press: ? - help, Shift-Dir - straight line, f/p - orc
Aim: an orc, wielding a +0 hand axe and wearing a +0 ring mail (85% to hit)
You feel a surge of power!
The blast of sand hits something.
Casting: Sandblast (safe; 3% risk of failure)
Confirm with . or Enter, or press ? or * to list all spells.
Aiming: Sandblast (safe; 3% risk of failure)
Press: ? - help, Shift-Dir - straight line, f/p - orc
Aim: an orc, wielding a +0 hand axe and wearing a +0 ring mail (85% to hit)
You feel a surge of power!
The blast of sand hits the orc!
You kill the orc!
Something hits you but does no damage.
You start resting.
You hit something but do no damage.
You hear some strange, mumbled words.
A magic dart appears from out of thin air!
The magic dart hits you!
Ouch! That really hurt!
You die...

#....⌠....# #...{.o.###
#...Po..._#### #.......###...
#.†.####...... #.##)....≈P.
#............ #.##)##..#.####
#..{@##.##.....
####.......#### ###.........
#)######.. #.#≈§§≈# ####
#.§§.§≈#
..##########§'≈>_§#..#.
#.#..>....##.#§≈≈≈#....#
#.####.#.#####.##.######.....


There were no monsters in sight!

Vanquished Creatures
  An adder (D:3)
  3 orcs (D:3)
  8 bats
  7 endoplasms
  2 giant cockroaches
  2 goblins (D:1)
  3 hobgoblins
  A quokka (D:3)
  A ball python (D:1)
  2 frilled lizards
  2 kobolds
  5 rats
37 creatures vanquished.

Vanquished Creatures (others)
  5 fungi (D:3)
  9 plants (D:3)
14 creatures vanquished.

Grand Total: 51 creatures vanquished

Notes
Turn   | Place    | Note
-------+----------+-------------------------------------------
     0 | D:1      | Arctor the Gargoyle Earth Elementalist began the quest for
                  | the Orb.
     0 | D:1      | Reached XP level 1. HP: 10/10 MP: 3/3
   149 | D:1      | Reached skill level 1 in Transmutations
   149 | D:1      | Reached XP level 2. HP: 15/15 MP: 1/5
   848 | D:1      | Found Zulemn Geepp's Weapon Boutique.
   919 | D:2      | Identified the +4 sling of Dismemberment {freeze, Str+4
                  | Int+5}
  1293 | D:2      | Reached XP level 3. HP: 19/19 MP: 6/6
  1710 | D:3      | Reached skill level 4 in Earth Magic
  1943 | D:3      | Found an ancient bone altar of Kikubaaqudgha.
  1961 | D:3      | Found a faded altar of an unknown god.
  1999 | D:3      | Killed from afar by an orc wizard

Illustrated notes

Levels and vault maps discovered:
D:1:      dpeg_arrival_connections, layout_rooms, serial_shops, shop_statue
D:2:      layout_loops_ring
D:3:      layout_loops_cross, general_overflow_altar,
          nicolae_hepliaklqana_hippocampus,
          shapermc_ecumenical_altar_mp_ritualfount

Skill      XL: |  1  2  3 |
---------------+----------+-----
Transmutations | 1 |  1.3
Earth Magic    | 4 |  4.0
Dodging        | 2 |  2.0
Ranged Weapons | |  0.3
Stealth        | |  2.8
Spellcasting   | |  2.4

Action                   || total
-------------------------++-------
Melee: Unarmed           ||     9
       Staff             ||    13
       Punch             ||     1
 Fire: Sling             ||    40
 Cast: Sandblast         ||    25
  Use: Potion            ||     1
 Stab: Sleeping          ||     1
Armor: Robe              ||    23
Dodge: Dodged            ||    35
